cohdb
Replays
Latest Replays
All Replays
Popular Replays
Top Player Replays
Match Explorer
How It Works
Community
CoH3 Stats
Reddit
Sign in to upload your games and track your stats! →
Sign in with Steam
Match 38141201
Unlisted
Match 38141201
Overview
Messages
Build Orders
End
Construct Infanterie Kompanie
Selects Mechanized Battlegroup
Selects Mechanized Battlegroup
Pioneer Squad
Grenadier Squad
MG 42 Machine Gun Team
Grenadier Squad
Construct Panzergrenadier Kompanie
Medical Bunker
Pak 40 Anti-tank Gun Team
Construct Panzer Kompanie
Selects Raid Package
Stoßtruppen Squad
Selects 8 Rad Armored Car
Selects UNKNOWN (2160084)
Panther Heavy Tank
Selects Spotting Scopes
Selects Stoßtruppen Assault Package
Stoßtruppen Squad
Severn
Zorg
Microsoft Outlook
deadsadbadmad
0
0
Comments
sign in to comment!
No comments posted yet!